 Dungeon Crawl Stone Soup version 0.31-a0-1-g4198be8af4 (webtiles) character file.

Game seed: 8025213722563669906

10728 lorenzova the Eclecticist (level 11, -7/54 HPs)
             Began as a Deep Elf Conjurer on Apr 30, 2023.
             Was a Believer of Vehumet.
             Shot with a bolt by a yaktaur (14 damage)
             ... on level 10 of the Dungeon.
             The game lasted 00:32:03 (12022 turns).

lorenzova the Eclecticist (Deep Elf Conjurer)      Turns: 12022, Time: 00:32:03

Health: -7/54      AC:  8    Str: 12    XL:     11   Next: 40%
Magic:  19/32      EV: 12    Int: 34    God:    Vehumet [**....]
Gold:   399        SH:  5    Dex: 13    Spells: 26/40 levels left

rFire   + . .        N - staff of conjuration "Edwororick" {Str+2}
rCold   . . .        n - orb {light}
rNeg    . . .        M - +2 leather armour {rF+}
rPois   .            w - +2 helmet
rElec   .            (no cloak)
rCorr   .            (no gloves)
SInv    .            (no boots)
Will    +....        x - amulet of reflection
Stlth   +            f - +6 ring of intelligence
HPRegen 0.29/turn    m - +6 ring of strength
MPRegen 0.23/turn

%: reflection
@: glowing
A: no striking features
a: Renounce Religion


You were on level 10 of the Dungeon.
You worshipped Vehumet.
Vehumet was pleased with you.
You visited 2 branches of the dungeon, and saw 11 of its levels.

You collected 399 gold pieces.

Inventory:

Hand Weapons
 j - a +2 dagger of freezing
Armour
 a - a +0 robe
 n - an orb of light (worn)
 w - a +2 helmet (worn)
 B - the +1 ring mail of Hadjma {Will++}
   (You found it on level 6 of the Dungeon)

   Will:      It greatly increases your willpower.
 M - a +2 leather armour of fire resistance (worn)
 O - +0 acid dragon scales
Magical Staves
 N - the staff of conjuration "Edwororick" (weapon) {Str+2}
   (You acquired it on level 9 of the Dungeon)

   [staff of conjuration]

   Base accuracy: +5 Base damage: 5 Base attack delay: 1.2 This weapon's minimum
   attack delay (0.6) is reached at skill level 12.
   Str:       It affects your strength (+2).
   It falls into the 'Staves' category.
   It is a one-handed weapon.
Jewellery
 f - a +6 ring of intelligence (left hand)
 m - a +6 ring of strength (right hand)
 u - an amulet of regeneration
 v - an amulet of magic regeneration
 x - an amulet of reflection (around neck)
 I - a ring of resist corrosion
Wands
 y - a wand of charming (15)
 A - a wand of light (16)
 D - a wand of roots (20)
 G - a wand of mindburst (25)
Scrolls
 c - 2 scrolls of vulnerability {unknown}
 g - 2 scrolls of blinking {unknown}
 l - 2 scrolls of magic mapping {unknown}
 p - 2 scrolls of brand weapon {unknown}
 r - 3 scrolls of fear
 s - 2 scrolls of enchant armour
 z - 4 scrolls of poison
 C - 2 scrolls of enchant weapon
 E - a scroll of amnesia
 H - 5 scrolls of identify
 J - a scroll of teleportation
Potions
 b - 3 potions of magic
 d - a potion of berserk rage
 e - 2 potions of brilliance {unknown}
 h - a potion of haste {unknown}
 i - 2 potions of mutation {unknown}
 k - 4 potions of heal wounds
 o - a potion of might {unknown}
 q - a potion of degeneration {unknown}
 t - 5 potions of curing
 F - 2 potions of lignification {unknown}
 K - 3 potions of attraction {unknown}
 L - 2 potions of ambrosia {unknown}


   Skills:
 - Level 2.4 Dodging
 - Level 2.4 Stealth
 * Level 15.1 Spellcasting
 * Level 13.2 Conjurations
 - Level 6.0 Hexes
 - Level 6.0 Translocations
 + Level 2.9 Earth Magic


You had 26 spell levels left.
You knew the following spells:

 Your Spells              Type           Power      Damage    Failure   Level
a - Magic Dart            Conj           100%       1d8       0%          1
b - Searing Ray           Conj           100%       2d8       0%          2
c - Iskenderun's Mystic   Conj/Tloc      95%        2d18      1%          4
d - Fulminant Prism       Conj/Hex       47%        3d21      1%          4
v - Stone Arrow           Conj/Erth      100%       3d13      1%          3

Your spell library contained the following spells:

 Spells                   Type           Power      Damage    Failure   Level
 Static Discharge         Conj/Air       100%       2-7/arc   1%          2
 Sandblast                Erth           90%        2d19      1%          1
 Slow                     Hex            100%       N/A       1%          1
 Passwall                 Tmut/Erth      29%        N/A       1%          2
 Confusing Touch          Hex            61%        N/A       1%          3
 Dazzling Flash           Conj/Hex       100%       N/A       1%          3
 Sublimation of Blood     Necr           25%        N/A       3%          2
 Wereblood                Tmut           25%        N/A       3%          2
 Ozocubu's Armour         Ice            25%        N/A       6%          3
 Vampiric Draining        Necr           25%        2d7       6%          3
 Ozocubu's Refrigeration  Ice            12%        4d10      100%        7
 Summon Hydra             Summ           12%        N/A       100%        7


Dungeon Overview and Level Annotations

Branches:
Dungeon (10/15)            Temple (1/1) D:7             Orc (0/2) D:10
   Lair: D:8-11

Altars:
Ashenzari
Cheibriados
Dithmenos
Elyvilon
Fedhas
Gozag
Hepliaklqana
Makhleb
Nemelex Xobeh
Okawaru
Qazlal
Ru
Sif Muna
Trog
Uskayaw
Vehumet
Xom
Yredelemnul
Zin
The Shining One

Shops:
D:3 *   D:4 :   D:6 (

Annotations:
D:5 1 runed translucent door, Duvessa; caveywoolpert's ghost, novice DsFi
D:7 exclusion: downstairs
D:10 2 runed translucent doors


Message History

Unknown command.
Casting: Iskenderun's Mystic Blast (safe; 1% risk of failure)
Confirm with . or Enter, or press ? or * to list all spells.
Aiming: Stone Arrow (safe; 1% risk of failure)
Press: ? - help, Shift-Dir - straight line, f/p - unseen horror
Aim: an unseen horror (almost dead, slightly transparent, haloed, 84% to hit)
You feel a surge of power!
The stone arrow hits the unseen horror!!
You kill the unseen horror!
Vehumet accepts your kill.
You start resting.
A yaktaur comes into view.
Casting: Stone Arrow (safe; 1% risk of failure)
Confirm with . or Enter, or press ? or * to list all spells.
Aiming: Magic Dart (safe; 0% risk of failure)
Press: ? - help, Shift-Dir - straight line, f - yaktaur
Aim: a yaktaur, quivering stones (100% to hit)
You feel a surge of power!
The magic dart hits the yaktaur.
The yaktaur is lightly wounded.
The yaktaur wields a +3 arbalest.
The yaktaur shoots a bolt.
The bolt hits you!!
Casting: Magic Dart (safe; 0% risk of failure)
Confirm with . or Enter, or press ? or * to list all spells.
Aiming: Magic Dart (safe; 0% risk of failure)
Press: ? - help, Shift-Dir - straight line, f/p - yaktaur
Aim: a yaktaur, wielding a +3 arbalest and quivering stones (lightly wounded, 100% to hit)
You feel a surge of power!
The magic dart hits the yaktaur.
The yaktaur is lightly wounded.
The yaktaur shoots a bolt.
The bolt hits you!
The yaktaur shoots a bolt.
The bolt hits you!!
* * * LOW HITPOINT WARNING * * *
Casting: Magic Dart (safe; 0% risk of failure)
Confirm with . or Enter, or press ? or * to list all spells.
Aiming: Stone Arrow (safe; 1% risk of failure)
Press: ? - help, Shift-Dir - straight line, f/p - yaktaur
Aim: a yaktaur, wielding a +3 arbalest and quivering stones (lightly wounded, 95% to hit)
You feel a surge of power!
The stone arrow hits the yaktaur!!
The yaktaur is almost dead.
The yaktaur shoots a bolt.
The bolt hits you!
You die...

##[.......... .... ##......
............. ....#....####......
............. ...##...##........
#..#......... ....#...##.....†..
...#....###.. c.......##.##.....
..#.....# #... #.##....##........
..........##..##.#.....#.......##
....#..........#..#..........†..#
................@##............##
###### ........##.##...........
######...#.##...........
#....(####......... #.#...#
###)....### #.#...###......##
#.#....#.......###
#.#....#...........#
#.#....#...#####..##


You could see a yaktaur.

Vanquished Creatures
  A hydra (D:10)
  2 two-headed ogres (D:8)
  2 cyclopes
  An unseen horror (D:10)
  2 kobold demonologists (D:8)
  An efreet (D:10)
  A hornet (D:7)
  2 trolls (D:10)
  A meliai (shapeshifter) (D:10)
  Grinder (D:6)
  2 shadows
  5 yaks (D:9)
  2 wyverns
  3 vampire mosquitoes (D:10)
  Menkaure (D:6)
  5 acid dragons
  2 water moccasins
  An orc warrior (D:7)
  A black bear (D:6)
  4 sky beasts
  An ice beast (D:5)
  3 centaurs
  5 kobold brigands
  2 bullfrogs
  A scorpion (D:4)
  21 wights
  Dowan (D:6)
  8 killer bees
  4 howler monkeys
  A jelly (D:6)
  2 sleepcaps
  An orc priest (D:7)
  3 hounds
  3 iguanas
  An orc wizard (D:8)
  4 gnolls (D:2)
  11 adders
  A white imp (D:6)
  2 dart slugs (D:1)
  14 orcs
  7 ball pythons
  3 bats (D:3)
  4 endoplasms
  A giant cockroach (D:4)
  6 hobgoblins
  31 kobolds
  6 quokkas
  5 frilled lizards
  8 goblins
  4 rats
204 creatures vanquished.

Vanquished Creatures (others)
  31 fulminant prisms
31 creatures vanquished.

Grand Total: 235 creatures vanquished

Notes
Turn   | Place    | Note
-------+----------+-------------------------------------------
     0 | D:1      | lorenzova the Deep Elf Conjurer began the quest for the
                  | Orb.
     0 | D:1      | Reached XP level 1. HP: 10/10 MP: 6/6
   248 | D:1      | Reached XP level 2. HP: 10/15 MP: 3/8
   251 | D:1      | Learned a level 2 spell: Searing Ray
   545 | D:1      | Found a faded altar of an unknown god.
   655 | D:1      | Reached skill level 4 in Spellcasting
   837 | D:1      | Reached XP level 3. HP: 19/19 MP: 8/10
   862 | D:1      | Reached skill level 5 in Conjurations
  1376 | D:2      | Reached XP level 4. HP: 24/24 MP: 0/12
  1676 | D:2      | Found a sacrificial altar of Ru.
  2281 | D:2      | Reached skill level 5 in Spellcasting
  2748 | D:3      | Found Fofrurul's Assorted Antiques.
  3216 | D:3      | Found a glowing golden altar of the Shining One.
  3216 | D:3      | Found a basalt altar of Yredelemnul.
  3216 | D:3      | Found a sacrificial altar of Ru.
  3373 | D:3      | Reached XP level 5. HP: 28/28 MP: 10/14
  4052 | D:4      | Found a burning altar of Makhleb.
  4052 | D:4      | Noticed a green death
  4158 | D:4      | Reached skill level 6 in Spellcasting
  4403 | D:4      | Reached XP level 6. HP: 32/32 MP: 8/17
  4408 | D:4      | Reached skill level 7 in Spellcasting
  4516 | D:4      | Learned a level 4 spell: Iskenderun's Mystic Blast
  4521 | D:4      | Learned a level 4 spell: Fulminant Prism
  4570 | D:4      | Reached skill level 1 in Hexes
  4667 | D:4      | Reached skill level 1 in Translocations
  4667 | D:4      | Reached XP level 7. HP: 36/36 MP: 12/19
  4778 | D:4      | Found Upteh's Book Shop.
  4874 | D:4      | Noticed a ynoxinul
  4874 | D:4      | Noticed a ynoxinul
  4896 | D:5      | Entered Level 5 of the Dungeon
  5038 | D:5      | Found a runed translucent door.
  5041 | D:5      | Noticed caveywoolpert's ghost (novice DsFi)
  5448 | D:6      | Reached skill level 8 in Spellcasting
  5550 | D:6      | Noticed Dowan
  5606 | D:6      | Noticed Duvessa
  5607 | D:6      | Reached XP level 8. HP: 31/41 MP: 15/22
  5611 | D:6      | Killed Dowan
  5617 | D:5      | HP: 2/41 [poisoned by a kobold]
  6361 | D:6      | Identified the +1 ring mail of Hadjma {Will++}
  6531 | D:6      | Reached skill level 9 in Spellcasting
  6560 | D:6      | Found Geiv's Weapon Shop.
  6625 | D:6      | Noticed Grinder
  6631 | D:6      | Paralysed by Grinder for 3 turns
  6638 | D:6      | Paralysed by Grinder for 5 turns
  6643 | D:6      | Noticed Menkaure
  6645 | D:6      | Killed Grinder
  6652 | D:6      | HP: 2/41 [iguana (5)]
  6985 | D:6      | Killed Menkaure
  7262 | D:7      | Reached skill level 10 in Spellcasting
  7268 | D:7      | Reached XP level 9. HP: 45/45 MP: 2/25
  7416 | D:7      | Reached skill level 5 in Hexes
  8077 | D:7      | Found a staircase to the Ecumenical Temple.
  8117 | Temple   | Entered the Ecumenical Temple
  8134 | Temple   | Became a worshipper of Vehumet
  8334 | D:8      | Reached skill level 11 in Spellcasting
  8334 | D:8      | Reached skill level 10 in Conjurations
  8346 | D:8      | Noticed a kobold demonologist
  8350 | D:8      | Killed a kobold demonologist
  8351 | D:8      | Reached skill level 5 in Translocations
  8355 | D:8      | Noticed a kobold demonologist
  8484 | D:8      | Noticed a two-headed ogre
  8553 | D:8      | Noticed a two-headed ogre
  8560 | D:8      | Killed a two-headed ogre
  8561 | D:8      | Reached skill level 12 in Spellcasting
  8561 | D:8      | Reached XP level 10. HP: 50/50 MP: 12/28
  8564 | D:8      | Noticed a cyclops
  8915 | D:8      | Killed a cyclops
  9054 | D:8      | Noticed a rust devil
  9073 | D:8      | Killed a two-headed ogre
  9074 | D:8      | Reached skill level 13 in Spellcasting
 10059 | D:9      | Reached * piety under Vehumet
 10059 | D:9      | Offered knowledge of Freeze by Vehumet.
 10515 | D:9      | Reached skill level 14 in Spellcasting
 10693 | D:9      | Identified a scroll of acquirement
 10694 | D:9      | Acquired the staff of conjuration "Edwororick" {Str+2}
 11011 | D:10     | Entered Level 10 of the Dungeon
 11016 | D:10     | Learned a level 3 spell: Stone Arrow
 11035 | D:10     | Reached XP level 11. HP: 54/54 MP: 15/31
 11129 | D:10     | Offered knowledge of Static Discharge by Vehumet.
 11130 | D:10     | Reached skill level 1 in Earth Magic
 11166 | D:10     | Reached ** piety under Vehumet
 11593 | D:10     | Found a large runed translucent door.
 11594 | D:10     | Found a large runed translucent door.
 11632 | D:10     | Found a staircase to the Orcish Mines.
 11847 | D:10     | Noticed a four-headed hydra
 11854 | D:10     | Killed a four-headed hydra
 11855 | D:10     | Reached skill level 15 in Spellcasting
 12022 | D:10     | Shot with a bolt by a yaktaur

Illustrated notes

Levels and vault maps discovered:
D:1:      dpeg_arrival_signposts, layout_basic,
          shapermc_ecumenical_altar_acropolis, minmay_domino_4
D:2:      layout_loops_ring, basic_altar, chequers_serial_rivers_small_a
D:3:      minmay_chambers_of_twos, layout_loops_ring,
          gammafunk_temple_overflow_claw, serial_shops,
          nicolae_shop_real_fake_doors
D:4:      layout_loops_ring, makhleb_altar_promises_db, serial_shops, shop,
          minmay_misc_feat_secret_circle
D:5:      layout_rooms, hellmonk_ghost_happy_afterlife
D:6:      layout_cave_pools, serial_shops, shop_fountains, uniq_menkaure,
          uniq_duvessa, uniq_grinder
D:7:      layout_rooms, minmay_temple_entry_junction
D:8:      layout_cave_pools, kennysheep_opposing_triangles
D:9:      layout_long_grid
D:10:     minmay_distorted_concentric_squares, layout_cave_pools,
          jmf_multi_god_temple2, orc_0_dummy, minmay_checkerbox
Temple:   lightli_temple_of_artemis

Skill      XL: |  1  2  3  4  5  6  7  8  9 10 11 |
---------------+----------------------------------+-----
Spellcasting   | 4 5 6 7 8 10 12 14 15 | 15.1
Conjurations   | 5 6 7 8 9 10 12 13 | 13.2
Hexes          | 1 3 4 6 |  6.0
Translocations | 1 2 3 5 6 |  6.0
Earth Magic    | 2 |  2.9
Dodging        | |  2.4
Stealth        | |  2.4

Action                     |  1- 3 |  4- 6 |  7- 9 | 10-12 || total
---------------------------+-------+-------+-------+-------++-------
  Melee: Dagger            |       |       |    12 |     1 ||    13
   Cast: Magic Dart        |    61 |    94 |    97 |    50 ||   302
         Searing Ray       |     2 |     8 |    30 |    17 ||    57
         Iskenderun's Myst |       |       |    12 |    19 ||    31
         Fulminant Prism   |       |       |     8 |    23 ||    31
         Stone Arrow       |       |       |       |    28 ||    28
    Use: Scroll            |       |     4 |     5 |     5 ||    14
 Armour: Robe              |     1 |     2 |     3 |     1 ||     7
         Leather armour    |       |       |       |     1 ||     1
  Dodge: Dodged            |     3 |    12 |    19 |    10 ||    44
  Block: Reflection        |       |       |     2 |     2 ||     4
         Other             |       |       |     1 |       ||     1
         Orb               |       |       |     8 |     5 ||    13

Table legend: (Time is in decaauts)
 A = Elapsed time spent in this place.
 B = Non-inter-level travel time spent in this place.
 C = Inter-level travel time spent in this place.
 D = Time resting spent in this place.
 E = Time spent auto-exploring this place.
 F = Levels seen in this place.
 G = Mean time per level.
                   A        B        C        D        E       F      G
               +--------+--------+--------+--------+--------+-----+--------+
         Total |  12041 |  11593 |    448 |   5643 |   4604 |  11 | 1094.6 |
       Dungeon |  12006 |  11575 |    431 |   5643 |   4604 |  10 | 1200.6 |
        Temple |     34 |     18 |     16 |      0 |      0 |   1 |   34.0 |
               +--------+--------+--------+--------+--------+-----+--------+

Top non-repeatable levels by time:
     D:7: 1458 daAuts
     D:4: 1430 daAuts
     D:3: 1381 daAuts
     D:1: 1294 daAuts
     D:5: 1209 daAuts
     D:9: 1126 daAuts
     D:8: 1086 daAuts
     D:2: 1060 daAuts
     D:6: 1016 daAuts
    D:10: 942 daAuts
  Temple: 34 daAuts
